 Dungeon Crawl Stone Soup version 0.29.1-12-g30fa7ad0bf (webtiles) character file.

Game seed: 15072788545927430624

1511 soggyman666 the Thaumaturge (level 9, -6/56 HPs)
             Began as a Djinni Fire Elementalist on Dec 14, 2022.
             Was an Initiate of Ashenzari.
             Mangled by a wyvern (18 damage)
             ... on level 6 of the Dungeon on Dec 16, 2022.
             The game lasted 00:19:07 (8914 turns).

soggyman666 the Thaumaturge (DjFE)                  Turns: 8914, Time: 00:19:08

Health: -6/56      AC:  2    Str:  7    XL:     9   Next: 9%
Gold:   351        EV: 16    Int: 21    God:    Ashenzari [......] SH:  0 Dex: 14

rFire   + + .      SeeInvis .   (no weapon)
rCold   . . .      Faith    .   (no shield)
rNeg    . . .      Spirit   .   a - +0 robe
rPois   ∞          Reflect  .   (no helmet)
rElec   .          Harm     .   (no cloak)
rCorr   .          Rampage  .   (no gloves)
Will    .....                   (boots unavailable)
Stlth   ++........              (no amulet)
HPRegen 0.18/turn               b - +4 ring of evasion
MPRegen 0.00/turn               j - ring of protection from cold

@: liquefying, flying, slowed movement, very slow
A: sickness immunity, fire resistance 2, cold vulnerability 1, float, innate
caster, HP casting, extra vitality 1
a: Renounce Religion


You were on level 6 of the Dungeon.
You worshipped Ashenzari.
Ashenzari was noncommittal.
You visited 2 branches of the dungeon, and saw 7 of its levels.

You collected 375 gold pieces.
You spent 24 gold pieces at shops.

Inventory:

Armour
 a - a +0 robe (worn)
Jewellery
 b - a +4 ring of evasion (left hand)
 e - a ring of fire
 j - a ring of protection from cold (right hand)
Wands
 l - a wand of charming (7)
 q - a wand of flame (8)
 s - a wand of roots (6)
Scrolls
 i - a scroll of brand weapon
 k - a scroll of butterflies
 m - a scroll of silence {unknown}
 n - 3 scrolls of enchant armour
 o - 4 scrolls of teleportation
 p - a scroll of enchant weapon {unknown}
 r - 2 scrolls of blinking {unknown}
 x - a scroll of vulnerability {unknown}
 y - a scroll of torment {unknown}
Potions
 c - 2 potions of haste
 f - 3 potions of heal wounds {unknown}
 g - a potion of curing {unknown}
 h - a potion of berserk rage {unknown}
 t - a potion of lignification {unknown}
 v - a potion of degeneration {unknown}
 w - a potion of attraction {unknown}


   Skills:
 - Level 0.6 Fighting
 + Level 2.5 Dodging
 + Level 2.8 Stealth
 + Level 8.3 Spellcasting


You had one spell level left.
You knew the following spells:

 Your Spells              Type           Power      Damage    Failure   Level
a - Foxfire               Conj/Fire      100%       2x1d9     1%          1
b - Scorch                Fire           86%        2d9       1%          2
c - Conjure Flame         Conj/Fire      43%        6-21      1%          3
d - Inner Flame           Hex/Fire       43%        N/A       1%          3
e - Flame Wave            Conj/Fire      43%        2d11      2%          4
f - Freeze                Ice            100%       1d11      1%          1
g - Searing Ray           Conj           86%        2d7       1%          2
h - Stone Arrow           Conj/Erth      86%        3d12      1%          3
i - Leda's Liquefaction   Hex/Erth       21%        N/A       2%          4
Your spell library was empty.

Dungeon Overview and Level Annotations

Branches:
Dungeon (6/15)             Temple (1/1) D:6

Altars:
Ashenzari
Cheibriados
Dithmenos
Fedhas
Hepliaklqana
Makhleb
Nemelex Xobeh
Qazlal
Ru
Trog
Uskayaw
Xom
Zin
The Shining One

Shops:
D:3 ?[


Innate Abilities, Weirdness & Mutations

You are immune to sickness and miasma.
You are immune to poison.
Your flesh is very heat resistant. (rF++)
You are vulnerable to cold. (rC-)
You float through the air rather than walking.
You learn spells naturally, not from books.
Your magical power is your life essence.
You have superior vitality. (+4 MHP)


Message History

The kobold brigand throws a curare-tipped dart.
The curare-tipped dart completely misses you.
Casting: Foxfire (safe; 1% risk of failure)
Confirm with . or Enter, or press ? or * to list all spells.
The ground around you becomes liquefied!
The foxfire hits the wyvern.
The wyvern is moderately wounded.
The foxfire hits the wyvern but does no damage.
The wyvern is moderately wounded.
You conjure some foxfire!
The wyvern bites you! The wyvern barely misses you.
You conjure some foxfire!
The foxfire hits the wyvern.
The wyvern is heavily wounded.
The foxfire hits the wyvern.
The wyvern is heavily wounded.
The wyvern bites you!!
You are too injured to fight recklessly!
You are too injured to fight recklessly!
Casting: Foxfire (safe; 1% risk of failure)
Confirm with . or Enter, or press ? or * to list all spells.
Flames lash the kobold.
You kill the kobold!
The foxfire hits the wyvern.
The wyvern is severely wounded.
The foxfire hits the wyvern.
The wyvern is almost dead.
The wyvern closely misses you. The wyvern bites you.
Casting: Scorch (safe; 1% risk of failure)
Confirm with . or Enter, or press ? or * to list all spells.
Flames lash the kobold brigand.
The kobold brigand is severely wounded.
The kobold brigand's fire resistance burns away.
The wyvern bites you.
* * * LOW HITPOINT WARNING * * *
Casting: Scorch (safe; 1% risk of failure)
Confirm with . or Enter, or press ? or * to list all spells.
Flames lash the kobold brigand.
The kobold brigand is burned terribly!
You kill the kobold brigand!
* * * LOW HITPOINT WARNING * * *
The wyvern bites you!!
You die...

#............
##...........
#.....).....#
#...........##
#......).....#
#.....)....# (#
#..........# ..##..
#.....@...# .......
#.....l..## ##........
#......### ##.........
##....#######.........#
##...#...............#
##.....##...........#
#.######.).........#
#.. ##.........# #..#
##........#


You could see a wyvern.

Vanquished Creatures
  A sky beast (D:6)
  A black bear (D:4)
  An ogre (D:4)
  2 phantoms
  A kobold brigand (D:6)
  4 necrophages (D:5)
  2 scorpions
  A centaur zombie (D:5)
  3 hounds (D:4)
  A jelly (D:6)
  A gnoll bouda (D:4)
  2 orc priests
  A scorpion zombie (D:5)
  Natasha (thrice) (D:3)
  2 iguanas
  4 orc wizards
  8 gnolls
  4 adders
  An ufetubus (D:5)
  2 adder zombies (D:5)
  A worm (D:4)
  A dart slug (D:2)
  18 orcs
  7 bats
  3 endoplasms
  4 giant cockroaches
  11 hobgoblins
  9 jackals
  10 kobolds
  9 ball pythons
  A frilled lizard (D:1)
  8 goblins
  11 rats
138 creatures vanquished.

Vanquished Creatures (collateral kills)
  13 foxfires (D:4)
13 creatures vanquished.

Vanquished Creatures (others)
  A bush (D:5)
  658 foxfires
  3 fungi (D:4)
  12 plants (D:5)
  4 toadstools (D:4)
678 creatures vanquished.

Grand Total: 829 creatures vanquished

Notes
Turn   | Place    | Note
-------+----------+-------------------------------------------
     0 | D:1      | soggyman666 the Djinni Fire Elementalist began the quest
                  | for the Orb.
     0 | D:1      | soggyman666 set off with the following spells memorised:
                  | Foxfire, Scorch, Conjure Flame, Inner Flame, Flame Wave.
     0 | D:1      | Reached XP level 1. HP: 15/15 MP: 0/0
   298 | D:1      | Reached XP level 2. HP: 19/21 MP: 0/0
   797 | D:1      | Reached skill level 3 in Spellcasting
  1116 | D:1      | Reached XP level 3. HP: 19/25 MP: 0/0
  1116 | D:1      | Learned a level 1 spell: Freeze
  2182 | D:2      | Reached XP level 4. HP: 26/31 MP: 0/0
  2591 | D:2      | Found a faded altar of an unknown god.
  3397 | D:3      | Found Sinaexta's Magic Scroll Boutique.
  3403 | D:3      | Reached skill level 4 in Spellcasting
  3403 | D:3      | Reached XP level 5. HP: 30/35 MP: 0/0
  3403 | D:3      | Learned a level 2 spell: Searing Ray
  3537 | D:3      | Bought a scroll of identify for 24 gold pieces
  3627 | D:3      | Noticed Natasha
  3634 | D:3      | Killed Natasha
  3847 | D:3      | Found Wisomm's Weapon Shoppe.
  3967 | D:3      | Noticed Natasha
  3972 | D:3      | Killed Natasha
  3973 | D:3      | Reached XP level 6. HP: 33/40 MP: 0/0
  4029 | D:3      | Found a burning altar of Makhleb.
  4257 | D:3      | Found Acegaem's Antique Armour Shoppe.
  4399 | D:3      | Noticed Natasha
  4406 | D:3      | Killed Natasha
  4962 | D:4      | Noticed an ogre
  4967 | D:4      | Killed an ogre
  4968 | D:4      | Reached skill level 5 in Spellcasting
  5112 | D:4      | Reached XP level 7. HP: 35/45 MP: 0/0
  5112 | D:4      | Learned a level 3 spell: Stone Arrow
  5457 | D:4      | Reached skill level 6 in Spellcasting
  6039 | D:4      | Found a shadowy altar of Dithmenos.
  6056 | D:4      | Reached XP level 8. HP: 38/50 MP: 0/0
  6510 | D:5      | Entered Level 5 of the Dungeon
  7030 | D:5      | Reached skill level 7 in Spellcasting
  7489 | D:5      | Found a blossoming altar of Fedhas.
  8260 | D:6      | Reached skill level 8 in Spellcasting
  8260 | D:6      | Reached XP level 9. HP: 51/56 MP: 0/0
  8260 | D:6      | Learned a level 4 spell: Leda's Liquefaction
  8396 | D:6      | Found a hazy altar of Hepliaklqana.
  8455 | D:6      | Found a staircase to the Ecumenical Temple.
  8468 | Temple   | Entered the Ecumenical Temple
  8522 | Temple   | Became a worshipper of Ashenzari the Shackled
  8914 | D:6      | Mangled by a wyvern

Illustrated notes

Levels and vault maps discovered:
D:1:      psy_arrival_conway, layout_basic
D:2:      layout_basic, shapermc_ecumenical_altar_mp_highgroup
D:3:      layout_loops_ring, lemuel_tele_altar, vehumet_altar_wand_db,
          serial_shops, shop_scrolls, shop, nicolae_shop_bloodbath_and_beyond,
          uniq_natasha
D:4:      layout_loops_corners, general_overflow_altar,
          corexii_item_surrounded_by_moat, amcnicky_mini_pool_small,
          chequers_serial_rivers_room_b, minmay_gold_behind_fungi,
          minmay_misc_feat_plants, minmay_joined_circles
D:5:      layout_basic, fedhas_altar_decomposition,
          chequers_serial_rivers_micro_c, kennysheep_potato
D:6:      layout_cave_pods, okawaru_altar_gauntlet_db, lemuel_crystal_altar,
          minmay_temple_entry_glassed_door, minmay_manual_mess
Temple:   dpeg_chambers_temple

Skill      XL: |  1  2  3  4  5  6  7  8 |
---------------+-------------------------+-----
Spellcasting   | 3 4 5 6 8 |  8.3
Stealth        | 2 |  2.8
Fighting       | |  0.6
Dodging        | |  2.5

Action                   |  1- 3 |  4- 6 |  7- 9 || total
-------------------------+-------+-------+-------++-------
 Cast: Foxfire           |    79 |   151 |   175 ||   405
       Scorch            |     9 |     9 |    14 ||    32
       Searing Ray       |       |     3 |     5 ||     8
       Stone Arrow       |       |       |    11 ||    11
       Leda's Liquefacti |       |       |     2 ||     2
  Use: Scroll            |     4 |     2 |     3 ||     9
Armor: Robe              |       |     1 |       ||     1
Dodge: Dodged            |     5 |     9 |    11 ||    25
